 Dungeon Crawl Stone Soup version 0.20-a0-492-g6327889 (webtiles) character file.

24921 Muumios the Cleaver (level 12, -4/100 HPs)
             Began as a Mummy Wanderer on Jan 16, 2017.
             Was an Initiate of Gozag.
             Slain by a death yak (21 damage)
             ... on level 6 of the Lair of Beasts.
             The game lasted 00:44:01 (15564 turns).

Muumios the Cleaver (Mummy Wanderer)               Turns: 15564, Time: 00:44:01

Health: -4/100     AC: 16    Str: 23    XL:     12   Next: 84%
Magic:  13/13      EV: 14    Int: 14    God:    Gozag
Gold:   396        SH:  0    Dex: 16    Spells: 10/11 levels left

rFire    . . .     SeeInvis .   G - +7 quarterstaff "Suchad" {speed, rElec rF+ MR+ Dex+3}
rCold    + . .     Gourm    .   i - +6 scale mail of the Okapi {Int+2}
rNeg     + + +     Faith    .   (shield currently unavailable)
rPois    ∞         Spirit   .   (no helmet)
rElec    +         Reflect  .   (no cloak)
rCorr    .         Harm     .   g - +0 pair of gloves
MR       ++...                  j - +2 pair of boots
Stlth    ..........             s - amulet of regeneration
Regen    0.6/turn               B - +3 ring of dexterity
                                m - +2 ring of strength

@: no status effects
A: no food or potions, fire vulnerability, cold resistance 1, negative energy
resistance 3, torment resistance, unbreathing
a: Potion Petition, Call Merchant, Bribe Branch, Renounce Religion


You were on level 6 of the Lair of Beasts.
You worshipped Gozag.
Gozag was aware of your devotion.
You were not hungry.

You visited 4 branches of the dungeon, and saw 20 of its levels.
You also visited: Ossuary.

You collected 3240 gold pieces.
You spent 1792 gold pieces at shops.
You paid 1052 gold pieces to Gozag.

Inventory:

Hand Weapons
 a - a +4 hand axe
 b - a +0 hand crossbow
 l - a +0 war axe
 r - a +0 trident
 z - the +6 quarterstaff of Vuipp {venom, rF+ MR+ Int+4 Dex+3}
   (You found it on level 1 of the Lair of Beasts)

   It poisons the flesh of those it strikes.
   It affects your intelligence (+4).
   It affects your dexterity (+3).
   It protects you from fire.
   It affects your resistance to hostile enchantments.
 G - the +7 quarterstaff "Suchad" (weapon) {speed, rElec rF+ MR+ Dex+3}
   (You bought it in a shop on level 10 of the Dungeon)

   Attacks with this weapon are significantly faster.
   It affects your dexterity (+3).
   It protects you from fire.
   It insulates you from electricity.
   It affects your resistance to hostile enchantments.
Missiles
 c - 128 bolts
 f - 38 poisoned needles
Armour
 g - a +0 pair of gloves (worn)
 h - the +1 leather armour "Recejohe" {rF+ Regen+ rCorr}
   (You bought it in a shop on level 5 of the Dungeon)

   It protects you from fire.
   It increases your rate of regeneration.
   It protects you from acid and corrosion.
 i - the +6 scale mail of the Okapi (worn) {Int+2}
   (You bought it in a shop on level 10 of the Dungeon)

   It affects your intelligence (+2).
 j - a +2 pair of boots (worn)
Jewellery
 m - a +2 ring of strength (left hand)
 n - an uncursed ring of magical power
 s - an amulet of regeneration (around neck)
 B - a +3 ring of dexterity (right hand)
 E - an uncursed ring of protection from magic
 H - a cursed amulet of inaccuracy {unknown}
Wands
 d - a wand of iceblast (0/15)
 q - a wand of polymorph (7/24)
 u - a wand of polymorph (15/24)
 w - a wand of random effects (15/48)
 x - a wand of confusion (28/48)
 y - a wand of iceblast (2/15)
 A - a wand of confusion (13/48)
 C - a wand of polymorph (9/24)
Scrolls
 e - a scroll of identify
 k - 4 scrolls of remove curse
 o - 2 scrolls of recharging
 t - 2 scrolls of amnesia
Books
 p - a book of Cantrips

   Spells                             Type                      Level
   a - Confusing Touch                Hexes                        1
   b - Animate Skeleton               Necromancy                   1
   c - Summon Small Mammal            Summoning                    1
   d - Apportation                    Translocation                1
 F - a book of Maledictions

   Spells                             Type                      Level
   a - Corona                         Hexes                        1
   b - Ensorcelled Hibernation        Hexes/Ice                    2
   c - Confuse                        Hexes                        3
   d - Tukima's Dance                 Hexes                        3
   e - Dazzling Spray                 Conjuration/Hexes            3
Miscellaneous
 v - a lightning rod (4/4)
 D - a phantom mirror


   Skills:
 - Level 11.2 Fighting
 - Level 11.4 Axes
 * Level 9.1 Staves
 - Level 1.0 Crossbows
 - Level 2.4 Armour
 - Level 6.8 Dodging
 - Level 1.5 Evocations


You had 10 spell levels left.
You knew the following spells:

 Your Spells              Type           Power        Failure   Level  Hunger
a - Apportation           Tloc           #.....       75%         1    N/A

Dungeon Overview and Level Annotations

Branches:
Dungeon (11/15)            Temple (1/1) D:4            Lair (6/6) D:8
  Swamp (0/4) Lair:2        Snake (0/4) Lair:3        Slime (0/5) Lair:5
    Orc (2/2) D:10
    Elf: Orc:2

Altars:
Ashenzari
Cheibriados
Dithmenos
Elyvilon
Fedhas
Gozag
Hepliaklqana
Kikubaaqudgha
Makhleb
Nemelex Xobeh
Okawaru
Qazlal
Ru
Sif Muna
Trog
Uskayaw
Vehumet
Xom
Yredelemnul
Zin
The Shining One
Jiyva

Shops:
D:5 [   D:6 %   D:8 :   D:10 *

Annotations:
D:9 Erica; MirrMurr's ghost, journeyman VSBe
Lair:4 Banto's ghost, journeyman HuSk
Lair:5 Josephine
Orc:2 Nessos


Innate Abilities, Weirdness & Mutations

You do not eat or drink.
Your flesh is vulnerable to fire.
You are immune to poison.
Your flesh is cold resistant. (rC+)
You are immune to negative energy. (rN+++)
You are immune to unholy pain and torment.
You can survive without breathing.


Message History

* * * LOW HITPOINT WARNING * * *
Unknown command.
Okay, then.
Okay, then.
The death yak gores you but does no damage.
The komodo dragon hisses menacingly.
The komodo dragon barely misses you.
The death yak gores you but does no damage.
The death yak completely misses you.
Okay, then.
Okay, then.
You enter the shallow water.
Moving in this stuff is going to be slow.
The death yak closely misses you.
The death yak gores you but does no damage.
You enter the shallow water.
Moving in this stuff is going to be slow.
The death yak gores you!!
You die...
Your body crumbles into a pile of gold.

......................##.#.##.
.......................#....#.
.......................#.....#
............l.Y.............#
.............Y.......##...##
.≈....≈YY.YP≈≈≈≈$...###.#.#
..≈≈##YD##≈≈##..........#.
#≈≈##≈≈Y#≈≈.#≈...........
≈≈≈≈≈≈≈P@≈≈≈≈............
≈≈P≈≈≈≈≈≈≈≈≈P≈...........
#########.≈.#.......#....
.≈##....#####..# ≈≈≈ ... ####
#≈≈≈ # ≈#.≈ ≈##≈<


You could see 6 death yaks and a four-headed hydra.

Vanquished Creatures
  A death yak (Lair:4)
  6 two-headed ogres
  An unseen horror (D:10)
  A gargoyle (D:11)
  A black mamba (Lair:2)
  6 spiny frogs
  Psyche (D:8)
  A kobold demonologist (D:11)
  3 rime drakes
  5 komodo dragons
  A wind drake (Lair:6)
  A troll (D:8)
  Prince Ribbit (D:7)
  A blink frog (Lair:3)
  3 hippogriffs
  A wraith (D:11)
  2 shadows (D:11)
  18 yaks
  4 basilisks (Lair:5)
  3 wyverns
  A hungry ghost (D:8)
  2 steam dragons
  6 swamp worms (Lair:2)
  2 wargs
  A naga (Lair:3)
  8 water moccasins
  A soldier ant (D:10)
  2 porcupines
  3 orc warriors
  4 sky beasts
  2 ice beasts
  A black bear (Lair:1)
  3 eyes of draining
  A necrophage (D:10)
  2 phantoms
  3 ogres
  5 wolves (Lair:2)
  2 centaurs
  10 crocodiles
  2 big kobolds
  15 bullfrogs
  A wyvern zombie (D:10)
  A wyvern skeleton (D:6)
  3 scorpions
  12 killer bees
  3 wights (D:11)
  A howler monkey (D:11)
  3 bullfrog zombies
  4 crimson imps
  3 quasits
  An iron imp (D:4)
  3 centaur zombies
  6 hounds
  3 centaur skeletons
  5 orc priests
  4 jellies
  11 orc wizards
  An iguana (D:10)
  4 worker ants
  A mummy (Ossuary)
  7 gnolls
  8 adders
  A shadow imp (D:5)
  An ooze (D:2)
  2 adder skeletons
  An adder zombie (D:7)
  3 worms
  2 dart slugs
  7 leopard geckos
  33 orcs
  10 bats
  3 giant cockroaches
  13 goblins
  8 hobgoblins
  7 jackals
  11 quokkas
  2 ball pythons
  3 frilled lizards
  14 kobolds
  A leopard gecko zombie (D:6)
  2 quokka skeletons
  A quokka zombie (D:4)
  5 rats
352 creatures vanquished.

Vanquished Creatures (others)
  13 fungi
  11 plants
  A withered plant (Ossuary)
25 creatures vanquished.

Grand Total: 377 creatures vanquished

Notes
Turn   | Place    | Note
-------+----------+-------------------------------------------
     0 | D:1      | Muumios the Mummy Wanderer began the quest for the Orb.
     0 | D:1      | Muumios set off with: a +2 hand axe, a +0 hand crossbow, 24 bolts, a scroll of teleportation, a +0 robe
     0 | D:1      | Reached XP level 1. HP: 19/19 MP: 2/2
    56 | D:1      | Reached XP level 2. HP: 25/25 MP: 3/3
   643 | D:1      | Reached XP level 3. HP: 26/30 MP: 4/4
  1219 | D:2      | Reached XP level 4. HP: 38/38 MP: 5/5
  1744 | D:3      | Reached XP level 5. HP: 18/43 MP: 6/6
  2149 | D:4      | Found a staircase to the Ecumenical Temple.
  2180 | Temple   | Entered the Ecumenical Temple
  2376 | Temple   | Became a worshipper of Gozag Ym Sagoz the Greedy
  2643 | D:4      | Reached skill level 5 in Fighting
  2863 | D:4      | Noticed an ogre
  2884 | D:3      | Reached XP level 6. HP: 44/51 MP: 7/7
  2943 | D:4      | Learned a level 1 spell: Apportation
  2994 | D:4      | Found a snail-covered altar of Cheibriados.
  3407 | D:5      | Entered Level 5 of the Dungeon
  3431 | D:5      | Noticed a sky beast
  3507 | D:5      | Reached skill level 5 in Axes
  3546 | D:5      | Reached XP level 7. HP: 13/56 MP: 8/8
  3759 | D:5      | Found Tagat's Armour Shop.
  3768 | D:5      | Found a sand-covered staircase.
  3773 | Ossuary  | Entered an ossuary
  4359 | D:5      | Bought the +1 leather armour "Recejohe" {rF+ Regen+ rCorr} for 292 gold pieces
  4490 | D:5      | Reached XP level 8. HP: 65/65 MP: 9/9
  4675 | D:6      | Found Reprolat's Food Shoppe.
  4775 | D:6      | Found a shimmering altar of Xom.
  5074 | D:7      | Noticed Prince Ribbit
  5327 | D:7      | Killed Prince Ribbit
  5327 | D:7      | Reached XP level 9. HP: 74/74 MP: 10/10
  5652 | D:8      | Found Sutut's Book Shop.
  5816 | D:8      | Noticed a two-headed ogre
  5820 | D:8      | Killed a two-headed ogre
  5900 | D:8      | Noticed a troll
  5954 | D:9      | Noticed Psyche
  5954 | D:9      | Noticed MirrMurr's ghost (journeyman VSBe)
  6003 | D:9      | Noticed a troll
  6010 | D:10     | Entered Level 10 of the Dungeon
  6018 | D:10     | Noticed a two-headed ogre
  6053 | D:9      | Noticed Erica
  6094 | D:8      | Paralysed by something for 4 turns
  6111 | D:8      | Killed Psyche
  6236 | D:8      | Reached skill level 10 in Axes
  6282 | D:8      | Found a staircase to the Lair.
  6358 | D:8      | Noticed a two-headed ogre
  6378 | D:8      | Reached XP level 10. HP: 70/83 MP: 1/11
  6384 | D:8      | Killed a two-headed ogre
  6642 | D:8      | Noticed a cyclops
  6830 | Lair:1   | Entered Level 1 of the Lair of Beasts
  7201 | Lair:2   | Noticed a black mamba
  7217 | Lair:2   | Killed a black mamba
  7217 | Lair:2   | Reached skill level 1 in Dodging
  7448 | Lair:2   | Noticed a spiny frog
  7456 | Lair:2   | Killed a spiny frog
  7878 | Lair:1   | Reached skill level 10 in Fighting
  7994 | Lair:1   | Reached XP level 11. HP: 86/90 MP: 12/12
  8321 | Lair:1   | Got a crystal quarterstaff
  8322 | Lair:1   | Identified the +6 quarterstaff of Vuipp {venom, rF+ MR+ Int+4 Dex+3} (You found it on level 1 of the Lair of Beasts)
  8631 | D:9      | Noticed a two-headed ogre
  9557 | Lair:2   | Reached skill level 1 in Staves
  9689 | Lair:2   | Reached skill level 5 in Dodging
  9943 | Lair:2   | HP: 4/92 [porcupine's spines (6)]
 10084 | Lair:2   | Found a staircase to the Swamp.
 10115 | Lair:3   | Noticed a six-headed hydra
 10220 | Lair:3   | Noticed a seven-headed hydra
 10332 | Lair:3   | Found a staircase to the Snake Pit.
 10547 | Lair:4   | Noticed Banto's ghost (journeyman HuSk)
 10866 | Lair:5   | Noticed a five-headed hydra
 10898 | Lair:5   | Found a staircase to the Slime Pits.
 10899 | Lair:5   | Found a viscous altar of Jiyva.
 12226 | Lair:4   | Noticed a death yak
 12550 | D:8      | Killed a two-headed ogre
 12550 | D:8      | Reached XP level 12. HP: 77/100 MP: 13/13
 12769 | D:10     | Bought the +7 quarterstaff "Suchad" {speed, rElec rF+ MR+ Dex+3} for 958 gold pieces
 12801 | D:10     | Reached skill level 5 in Staves
 13528 | D:10     | Killed a two-headed ogre
 13598 | D:10     | Found a staircase to the Orcish Mines.
 14010 | D:11     | Noticed a two-headed ogre
 14020 | D:11     | Killed a two-headed ogre
 14149 | D:11     | Noticed a two-headed ogre
 14155 | D:11     | Killed a two-headed ogre
 14810 | D:10     | Bought the +6 scale mail of the Okapi {Int+2} for 542 gold pieces
 14883 | Orc:1    | Entered Level 1 of the Orcish Mines
 14948 | Orc:2    | Entered Level 2 of the Orcish Mines
 14948 | Orc:2    | Noticed Nessos
 15222 | Lair:4   | Killed a death yak
 15414 | Lair:5   | Noticed Josephine
 15431 | Lair:6   | Entered Level 6 of the Lair of Beasts
 15523 | Lair:6   | Noticed a death yak
 15524 | Lair:6   | Noticed a death yak
 15524 | Lair:6   | Noticed a death yak
 15547 | Lair:6   | Noticed a four-headed hydra
 15553 | Lair:6   | Noticed a death yak
 15553 | Lair:6   | Noticed a death yak
 15554 | Lair:6   | Noticed a death yak
 15564 | Lair:6   | Slain by a death yak

Vault maps used:
D:1:      dpeg_chamrin_arrival_tetris, hangedman_decor_riveting,
          minmay_tetromino_l2
D:3:      first_bread, minivault_19
D:4:      chei_slow_surprise
D:5:      serial_shops, shop, enter_ossuary_2
D:6:      serial_shops, nicolae_shop_behind_doors, xom_teletrap_fun
D:7:      uniq_prince_ribbit1
D:8:      minmay_tri_box, dpeg_oklobed_lair, serial_shops, shop
D:9:      uniq_erica, uniq_psyche
D:10:     erik_orc_3
Temple:   regret_index_temple_sigil_plot
Lair:2:   nicolae_swamp_entry_splash_gauntlet
Lair:3:   guppyfry_snake_entry_garden, grunt_megastairs_1
Lair:4:   nicolae_volcano_entry_s_turn, columned_hall_lemuel,
          eino_house_with_fridge
Lair:5:   slime_altar_1, special_room, uniq_josephine
Lair:6:   gammafunk_lair_ancient_temple, lemuel_fruit_tree, serial_bayou_shore_a
Orc:1:    kennysheep_orc_chapel, uniq_maurice
Orc:2:    st_orc_rangers, uniq_nessos
Ossuary:  ossuary_zaba_flooded

Skill      XL: |  1  2  3  4  5  6  7  8  9 10 11 12 |
---------------+-------------------------------------+-----
Axes           | 2 3 4 5 6 8 10 11 | 11.4
Fighting       | 5 6 7 9 10 11 | 11.2
Dodging        | 3 6 |  6.8
Staves         | 4 9 |  9.1
Armour         | 2 |  2.4
Crossbows      | |  1.0
Evocations     | |  1.5

Action                   |  1- 3 |  4- 6 |  7- 9 | 10-12 || total
-------------------------+-------+-------+-------+-------++-------
Melee: Hand axe          |    61 |   144 |   278 |   721 ||  1204
       Quarterstaff      |       |       |       |   381 ||   381
 Fire: Hand crossbow     |    25 |    27 |       |       ||    52
Invok: Potion Petition   |       |     1 |     1 |       ||     2
       Call Merchant     |       |       |       |     1 ||     1
Evoke: Wand              |       |       |    21 |    33 ||    54
       Lightning rod     |       |       |     2 |     2 ||     4
  Use: Scroll            |     7 |     7 |    12 |    17 ||    43
 Stab: Distracted        |       |       |     1 |     4 ||     5
       Invisible         |       |       |     1 |       ||     1
       Confused          |       |       |       |     7 ||     7
       Sleeping          |       |       |       |     1 ||     1
Armor: Robe              |    17 |    54 |    12 |       ||    83
       Leather armour    |       |       |   112 |   224 ||   336
       Scale mail        |       |       |       |    27 ||    27
Dodge: Dodged            |    61 |   116 |   237 |   555 ||   969
